ESL (28 & UNDER)
INTERCOURSE AMISH @ READING RAINBOWS
09/02/2029
 
TOP OF THE 1ST
Intercourse Amish batting - Pitching for Reading Rainbows : RHP Lane Lund
Pitching: RHP Lane Lund
Batting: RHB Pablo Díaz 0-0: Called Strike
0-1: Foul Ball, location: 2F
0-2: Ball
1-2: SINGLE (Line Drive, 3D)
Batting: LHB Jesús Rojas 0-0: Called Strike
0-1: Ball
1-1: Ground out 6-3 (Groundball, 4MS)
Pablo Díaz to second
Batting: SHB Ralph Robison 0-0: Ball
1-0: Swinging Strike
1-1: Ball
2-1: Ball
3-1: Foul Ball, location: 2F
3-2: 2-RUN HOME RUN (Flyball, 9LD), Distance : 371 ft
Batting: LHB Dave Reynolds 0-0: Ball
1-0: Ball
2-0: Ball
3-0: Foul Ball, location: 2F
3-1: Called Strike
3-2: Base on Balls
Batting: RHB Mitsuoki Taguchi 0-0: Called Strike
Dave Reynolds steals 2nd base
0-1: Ground out 5-3 (Groundball, 56S)
Dave Reynolds to third
Batting: RHB Juan Estrada 0-0: Called Strike
0-1: Ball
1-1: Ground out 5-3 (Groundball, 56S)
Top of the 1st over - 2 runs, 2 hits, 0 errors, 1 left on base; Intercourse 2 - Reading 0
BOTTOM OF THE 1ST
Reading Rainbows batting - Pitching for Intercourse Amish : RHP Benjamin Hutchison
Pitching: RHP Benjamin Hutchison
Batting: LHB Ramón Morán 0-0: Ball
1-0: Called Strike
1-1: Ball
2-1: SINGLE (Groundball, 4M) (infield hit)
Batting: RHB José Moreno 0-0: Ball
1-0: Ball
2-0: Foul Ball, location: 2F
2-1: SINGLE (Groundball, 6MD)
Ramón Morán to second
Batting: RHB Germán Romero 0-0: Ball
1-0: Foul Ball, location: 2F
1-1: Ball
2-1: Ball
3-1: Foul Ball, location: 2F
3-2: SINGLE (Flyball, 8RS)
Ramón Morán to third
José Moreno to second
Batting: RHB Ethan Moore 0-0: Foul Ball, location: 2F
0-1: Foul Ball, location: 2F
0-2: Ball
1-2: Strikes out swinging
Batting: SHB Travis Martin 0-0: Ball
1-0: Swinging Strike
1-1: Fly out, F7 (Line Drive, 7)
Runner from 3rd tags up, OUT at HOME
Bottom of the 1st over - 0 runs, 3 hits, 0 errors, 2 left on base; Intercourse 2 - Reading 0
TOP OF THE 2ND
Intercourse Amish batting - Pitching for Reading Rainbows : RHP Lane Lund
Batting: LHB Bruce Foster 0-0: Called Strike
0-1: Ball
1-1: Ball
2-1: Foul Ball, location: 2F
2-2: Ball
3-2: Foul Ball, location: 2F
3-2: Fly out, F9 (Line Drive, 9LM)
Batting: LHB Tony O'Bryan 0-0: Swinging Strike
0-1: Foul Ball, location: 2F
0-2: Ball
1-2: Strikes out swinging
Batting: RHB Bob Carr 0-0: Swinging Strike
0-1: Ball
1-1: Swinging Strike
1-2: Fly out, F8 (Line Drive, 78M)
Top of the 2nd over - 0 runs, 0 hits, 0 errors, 0 left on base; Intercourse 2 - Reading 0
BOTTOM OF THE 2ND
Reading Rainbows batting - Pitching for Intercourse Amish : RHP Benjamin Hutchison
Batting: RHB Edmund Swanson 0-0: Called Strike
0-1: Swinging Strike
0-2: Ground out 3-1 (Groundball, 34)
Batting: LHB Ryan Flynn 0-0: Called Strike
0-1: Called Strike
0-2: Ground out 4-3 (Groundball, 4)
Batting: LHB Dennis McConnell 0-0: Called Strike
0-1: Called Strike
0-2: Ball
1-2: DOUBLE (Line Drive, 7LM)
Batting: RHB Allen Hobbs 0-0: Ball
1-0: Foul Ball, location: 2F
1-1: Foul Ball, location: 2F
1-2: Foul Ball, location: 2F
1-2: Strikes out swinging
Bottom of the 2nd over - 0 runs, 1 hit, 0 errors, 1 left on base; Intercourse 2 - Reading 0
TOP OF THE 3RD
Intercourse Amish batting - Pitching for Reading Rainbows : RHP Lane Lund
Batting: RHB Pablo Díaz 0-0: Ball
1-0: Swinging Strike
1-1: Ball
2-1: Ball
3-1: Base on Balls
Batting: LHB Jesús Rojas 0-0: Foul Ball, location: 2F
0-1: Fly out, F7 (Flyball, 78S)
Batting: SHB Ralph Robison 0-0: Ball
1-0: Ball
2-0: Ball
3-0: Called Strike
3-1: Foul Ball, location: 2F
3-2: Fielders Choice at 2nd, 3-6 (Groundball, 34)
Batting: LHB Dave Reynolds 0-0: Called Strike
0-1: Ball
1-1: Called Strike
1-2: Foul Ball, location: 2F
1-2: Ball
2-2: Ball
3-2: Foul Ball, location: 2F
3-2: Base on Balls
Ralph Robison to second
Batting: RHB Mitsuoki Taguchi 0-0: Called Strike
0-1: DOUBLE (Line Drive, 89XD)
Ralph Robison scores
Dave Reynolds to third
Batting: RHB Juan Estrada 0-0: Foul Ball, location: 2F
0-1: Ball
1-1: Called Strike
1-2: Ball
2-2: Strikes out swinging
Top of the 3rd over - 1 run, 1 hit, 0 errors, 2 left on base; Intercourse 3 - Reading 0
BOTTOM OF THE 3RD
Reading Rainbows batting - Pitching for Intercourse Amish : RHP Benjamin Hutchison
Batting: LHB Ramón Morán 0-0: Called Strike
0-1: Ball
1-1: Ball
2-1: Ball
3-1: Base on Balls
Batting: RHB José Moreno 0-0: Foul Ball, location: 2F
0-1: Ball
1-1: Ball
2-1: Ball
3-1: Foul Ball, location: 2F
3-2: Grounds into double play, 4-6-3 (Groundball, 4)
Batting: RHB Germán Romero 0-0: Ball
1-0: Ball
2-0: Ball
3-0: Called Strike
3-1: Base on Balls
Batting: RHB Ethan Moore 0-0: Ball
1-0: Foul Ball, location: 2F
1-1: Ball
2-1: Foul Ball, location: 2F
2-2: Ball
3-2: Base on Balls
Germán Romero to second
Batting: SHB Travis Martin 0-0: Called Strike
0-1: Ball
1-1: Ball
2-1: Ball
3-1: Foul Ball, location: 2F
3-2: SINGLE (Line Drive, 34)
Germán Romero to third
Ethan Moore to second
Germán Romero scores
Ethan Moore to third
Batting: RHB Edmund Swanson 0-0: Swinging Strike
0-1: SINGLE (Line Drive, 9S)
Ethan Moore scores
Travis Martin to second
Batting: LHB Ryan Flynn 0-0: Ball
1-0: Called Strike
1-1: Ball
2-1: Ball
3-1: Foul Ball, location: 2F
3-2: Base on Balls
Travis Martin to third
Edmund Swanson to second
Batting: LHB Dennis McConnell 0-0: Ball
1-0: Called Strike
1-1: Ball
2-1: Ball
3-1: Fly out, F7 (Line Drive, 7)
Bottom of the 3rd over - 2 runs, 2 hits, 0 errors, 3 left on base; Intercourse 3 - Reading 2
TOP OF THE 4TH
Intercourse Amish batting - Pitching for Reading Rainbows : RHP Lane Lund
Batting: LHB Bruce Foster 0-0: Ball
1-0: Ball
2-0: Called Strike
2-1: Foul Ball, location: 2F
2-2: Ground out 3-1 (Groundball, 34S)
Batting: LHB Tony O'Bryan 0-0: Foul Ball, location: 2F
0-1: Ball
1-1: Ball
2-1: Ground out 6-3 (Groundball, 6)
Batting: RHB Bob Carr 0-0: Called Strike
0-1: Ball
1-1: Ground out 5-3 (Groundball, 56D)
Top of the 4th over - 0 runs, 0 hits, 0 errors, 0 left on base; Intercourse 3 - Reading 2
BOTTOM OF THE 4TH
Reading Rainbows batting - Pitching for Intercourse Amish : RHP Benjamin Hutchison
Batting: RHB Allen Hobbs 0-0: Called Strike
0-1: Ball
1-1: Ground out 6-3 (Groundball, 6)
Batting: LHB Ramón Morán 0-0: Called Strike
0-1: Called Strike
0-2: Ball
1-2: Ground out 4-3 (Groundball, 4S)
Batting: RHB José Moreno 0-0: Called Strike
0-1: Ball
1-1: Ball
2-1: Ball
3-1: Swinging Strike
3-2: Strikes out swinging
Bottom of the 4th over - 0 runs, 0 hits, 0 errors, 0 left on base; Intercourse 3 - Reading 2
TOP OF THE 5TH
Intercourse Amish batting - Pitching for Reading Rainbows : RHP Lane Lund
Batting: RHB Pablo Díaz 0-0: Ground out U3 (Groundball, 34S)
Batting: LHB Jesús Rojas 0-0: Ball
1-0: Fly out, F9 (Flyball, 9D)
Batting: SHB Ralph Robison 0-0: Ball
1-0: Ball
2-0: Ball
3-0: Base on Balls
Pitching: LHP Jorge Torres
Batting: LHB Dave Reynolds 0-0: Called Strike
0-1: Swinging Strike
0-2: Strikes out looking
Top of the 5th over - 0 runs, 0 hits, 0 errors, 1 left on base; Intercourse 3 - Reading 2
BOTTOM OF THE 5TH
Reading Rainbows batting - Pitching for Intercourse Amish : RHP Benjamin Hutchison
Batting: RHB Germán Romero 0-0: Ball
1-0: SINGLE (Flyball, 8RS)
Batting: RHB Ethan Moore 0-0: Ball
1-0: Called Strike
1-1: Ball
2-1: Fly out, F9 (Line Drive, 9D)
Batting: SHB Travis Martin Pickoff Throw to First - Out!
0-0: Ball
1-0: Ground out 3-1 (Groundball, 34S)
Bottom of the 5th over - 0 runs, 1 hit, 0 errors, 0 left on base; Intercourse 3 - Reading 2
TOP OF THE 6TH
Intercourse Amish batting - Pitching for Reading Rainbows : LHP Jorge Torres
Batting: RHB Mitsuoki Taguchi 0-0: Foul Ball, location: 2F
0-1: Ball
1-1: DOUBLE (Line Drive, 8RD)
Batting: RHB Juan Estrada 0-0: Ground out 6-3 (Groundball, 6S)
Mitsuoki Taguchi to third
Batting: LHB Bruce Foster 0-0: Ground out 5-3 (Groundball, 5L)
Batting: LHB Tony O'Bryan 0-0: Swinging Strike
0-1: Swinging Strike
0-2: Ball
1-2: Strikes out swinging
Top of the 6th over - 0 runs, 1 hit, 0 errors, 1 left on base; Intercourse 3 - Reading 2
BOTTOM OF THE 6TH
Reading Rainbows batting - Pitching for Intercourse Amish : RHP Benjamin Hutchison
Batting: RHB Edmund Swanson 0-0: Called Strike
0-1: Ball
1-1: Ball
2-1: Foul Ball, location: 2F
2-2: Foul Ball, location: 2F
2-2: Fly out, F8 (Flyball, 78XD)
Batting: LHB Ryan Flynn 0-0: Ball
1-0: SINGLE (Flyball, 8RS)
Pitching: RHP Sixto Santiago
Batting: LHB Dennis McConnell 0-0: Called Strike
0-1: Foul Ball, location: 2F
0-2: Foul Ball, location: 2F
0-2: SINGLE (Line Drive, 6MD)
Ryan Flynn to second
Batting: RHB Allen Hobbs 0-0: Called Strike
0-1: Foul Ball, location: 2F
0-2: Strikes out swinging
Batting: LHB Ramón Morán 0-0: Called Strike
0-1: Foul Ball, location: 2F
0-2: Ground out 1-3 (Groundball, 13S)
Bottom of the 6th over - 0 runs, 2 hits, 0 errors, 2 left on base; Intercourse 3 - Reading 2
TOP OF THE 7TH
Intercourse Amish batting - Pitching for Reading Rainbows : LHP Jorge Torres
Batting: RHB Bob Carr 0-0: Ball
1-0: Called Strike
1-1: Called Strike
1-2: Strikes out swinging
Batting: RHB Pablo Díaz 0-0: Called Strike
0-1: Ground out 4-3 (Groundball, 4)
Batting: LHB Jesús Rojas 0-0: Called Strike
0-1: Swinging Strike
0-2: Foul Ball, location: 2F
0-2: TRIPLE (Flyball, 78XD)
Batting: SHB Ralph Robison 0-0: Called Strike
0-1: Ball
1-1: Swinging Strike
1-2: Ball
2-2: Foul Ball, location: 2F
2-2: Strikes out swinging
Top of the 7th over - 0 runs, 1 hit, 0 errors, 1 left on base; Intercourse 3 - Reading 2
BOTTOM OF THE 7TH
Reading Rainbows batting - Pitching for Intercourse Amish : RHP Sixto Santiago
Batting: RHB José Moreno 0-0: Fly out, F4 (Popup, 34S)
Batting: RHB Germán Romero 0-0: SOLO HOME RUN (Flyball, 7D), Distance : 375 ft
Batting: RHB Ethan Moore 0-0: Ball
1-0: Swinging Strike
1-1: Called Strike
1-2: Ball
2-2: Strikes out looking
Batting: SHB Travis Martin 0-0: Called Strike
0-1: Swinging Strike
0-2: Fly out, F9 (Flyball, 9LM)
Bottom of the 7th over - 1 run, 1 hit, 0 errors, 0 left on base; Intercourse 3 - Reading 3
TOP OF THE 8TH
Intercourse Amish batting - Pitching for Reading Rainbows : LHP Jorge Torres
Batting: LHB Dave Reynolds 0-0: Foul Ball, location: 2F
0-1: Ground out 6-3 (Groundball, 6)
Batting: RHB Mitsuoki Taguchi 0-0: Ball
1-0: Ball
2-0: Fly out, F4 (Popup, 4)
Batting: RHB Juan Estrada 0-0: Ball
1-0: Ball
2-0: Ball
3-0: Fly out, F6 (Popup, 6M)
Top of the 8th over - 0 runs, 0 hits, 0 errors, 0 left on base; Intercourse 3 - Reading 3
BOTTOM OF THE 8TH
Reading Rainbows batting - Pitching for Intercourse Amish : RHP Sixto Santiago
Batting: RHB Edmund Swanson 0-0: Ball
1-0: Ball
2-0: Called Strike
2-1: Called Strike
2-2: Ball
3-2: Ground out 6-3 (Groundball, 6)
Batting: LHB Ryan Flynn 0-0: Called Strike
0-1: Swinging Strike
0-2: Strikes out swinging
Batting: LHB Dennis McConnell 0-0: Called Strike
0-1: Foul Ball, location: 2F
0-2: Foul Ball, location: 2F
0-2: Ball
1-2: Ball
2-2: Foul Ball, location: 2F
2-2: Ball
3-2: Base on Balls
Pinch Hitting: RHB Ron King 0-0: Foul Ball, location: 2F
0-1: Ball
1-1: Called Strike
Dennis McConnell is caught stealing 2nd base
Bottom of the 8th over - 0 runs, 0 hits, 0 errors, 0 left on base; Intercourse 3 - Reading 3
TOP OF THE 9TH
Intercourse Amish batting - Pitching for Reading Rainbows : LHP Jorge Torres
Now at 2B: Ron King
Pinch Hitting: RHB Holden Davis 0-0: Foul Ball, location: 2F
0-1: Ball
1-1: Ball
2-1: Ball
3-1: Base on Balls
Pinch Runner at 1st José Castillo:
Batting: LHB Tony O'Bryan 0-0: Sac Bunt - play at first, batter OUT! 1-4
José Castillo to second
Batting: RHB Bob Carr 0-0: Called Strike
0-1: Ball
1-1: Ball
2-1: Ground out 6-3 (Groundball, 6)
Batting: RHB Pablo Díaz 0-0: 2-RUN HOME RUN (Flyball, 89XD), Distance : 409 ft
Batting: LHB Jesús Rojas 0-0: Ball
1-0: Ball
2-0: SINGLE (Line Drive, 4MD)
Pitching: RHP Cory Powell
Batting: SHB Ralph Robison 0-0: Ball
Jesús Rojas is caught stealing 2nd base
Top of the 9th over - 2 runs, 2 hits, 0 errors, 0 left on base; Intercourse 5 - Reading 3
BOTTOM OF THE 9TH
Reading Rainbows batting - Pitching for Intercourse Amish : RHP Sixto Santiago
Now at 1B: Frank Maxwell
Batting: RHB Ron King 0-0: Ball
1-0: Ball
2-0: Called Strike
2-1: SINGLE (Line Drive, 7S)
Batting: LHB Ramón Morán 0-0: Foul Ball, location: 2F
0-1: Foul Ball, location: 2F
0-2: Foul Ball, location: 2F
0-2: DOUBLE (Groundball, 5L)
Ron King to third
Batting: RHB José Moreno 0-0: Ball
1-0: Ball
2-0: Foul Ball, location: 2F
2-1: Ball
3-1: SINGLE (Groundball, 56)
Ron King scores
Ramón Morán to third
Runner from 3rd tries for Home, SAFE, no throw
Batting: RHB Germán Romero 0-0: Ball
1-0: Ball
2-0: Called Strike
2-1: Ball
3-1: Swinging Strike
3-2: Base on Balls
José Moreno to second
Batting: RHB Ethan Moore 0-0: Ball
1-0: Foul Ball, location: 2F
1-1: Fly out, F4 (Popup, 34D)
Batting: SHB Travis Martin 0-0: Ball
José Moreno steals 3rd base
1-0: Fly out, F7 (Line Drive, 7S)
Runner from 3rd tags up, SCORES, throw made
Saturday, December 16th, 2017 - OOTP Baseball 18.8 Build 76